 Dungeon Crawl Stone Soup version 0.28.0-53-g5a82cb258f (webtiles) character file.

Game seed: 810223128781264071

1724 DildoBatman the Magician (level 9, -7/63 HPs)
             Began as a Formicid Conjurer on May 30, 2022.
             Was an Initiate of Kikubaaqudgha.
             Mangled by a two-headed ogre
             ... wielding a +0 giant spiked club
              (32 damage)
             ... on level 5 of the Dungeon.
             The game lasted 00:19:17 (6813 turns).

DildoBatman the Magician (Formicid Conjurer)        Turns: 6813, Time: 00:19:17

Health: -7/63      AC:  3    Str: 12    XL:     9   Next: 25%
Magic:  19/19      EV: 12    Int: 18    God:    Kikubaaqudgha [......]
Gold:   212        SH:  0    Dex: 13    Spells: 12/22 levels left

rFire   . . .      SeeInvis +   b - +0 hunting sling
rCold   . . .      Faith    .   (no shield)
rNeg    . . .      Spirit   .   h - +0 robe
rPois   .          Reflect  .   (helmet unavailable)
rElec   .          Harm     .   (no cloak)
rCorr   .          Rampage  .   (no gloves)
Will    .....                   q - +0 pair of boots
Stlth   ++........              (no amulet)
HPRegen 0.20/turn               (no ring)
MPRegen 0.16/turn               (no ring)

@: no status effects
A: permanent stasis, dig shafts and tunnels, antennae 3, four strong arms
a: Dig, Shaft Self, Renounce Religion


You were on level 5 of the Dungeon.
You worshipped Kikubaaqudgha.
Kikubaaqudgha was noncommittal.
You visited 2 branches of the dungeon, and saw 6 of its levels.
You also visited: Sewer.

You collected 212 gold pieces.

Inventory:

Hand Weapons
 a - a +2 dagger of speed
 b - a +0 hunting sling (weapon)
 d - a +0 long sword
 e - a +2 vorpal trident
 B - a +4 flail
Missiles
 f - 35 sling bullets
 g - 76 arrows
 i - 274 stones (quivered ammo)
 j - 54 poisoned darts
 x - 59 bolts
Armour
 h - a +0 robe (worn)
 p - a +0 ring mail of willpower
 q - a +0 pair of boots (worn)
Jewellery
 o - a +6 ring of intelligence
Wands
 k - a wand of iceblast (18)
 y - a wand of polymorph (5)
Scrolls
 m - a scroll of brand weapon {unknown}
 n - a scroll of noise {unknown}
 r - 3 scrolls of identify {unknown}
 s - a scroll of blinking {unknown}
 t - 2 scrolls of enchant weapon {unknown}
 w - a scroll of fog {unknown}
 D - a scroll of enchant armour {unknown}
 E - a scroll of teleportation {unknown}
 F - a scroll of magic mapping {unknown}
 G - a scroll of holy word {unknown}
Potions
 c - 4 potions of might {unknown}
 l - 2 potions of curing {unknown}
 u - a potion of heal wounds {unknown}
 v - 2 potions of mutation {unknown}
 z - 2 potions of brilliance {unknown}
 A - a potion of berserk rage {unknown}
 C - 2 potions of cancellation {unknown}


   Skills:
 * Level 3.0 Fighting
 * Level 3.0 Armour
 - Level 1.7 Dodging
 - Level 2.4 Stealth
 - Level 7.0 Spellcasting
 - Level 6.0 Conjurations
 - Level 6.0 Ice Magic


You had 12 spell levels left.
You knew the following spells:

 Your Spells              Type           Power      Damage    Failure   Level
a - Searing Ray           Conj           54%        2d6       1%          2
b - Sandblast             Erth           12%        2d6       11%         1
c - Magic Dart            Conj           100%       1d8       1%          1
d - Stone Arrow           Conj/Erth      34%        3d9       10%         3
e - Frozen Ramparts       Ice            54%        1d7       2%          3

Your spell library contained the following spells:

 Spells                   Type           Power      Damage    Failure   Level
 Dazzling Flash           Conj/Hex       34%        N/A       10%         3
 Beastly Appendage        Tmut           12%        N/A       11%         1
 Passwall                 Tmut/Erth      5%         N/A       16%         2
 Wereblood                Tmut           6%         N/A       16%         2
 Fulminant Prism          Conj/Hex       8%         3d7       30%         4
 Ice Form                 Ice/Tmut       17%        N/A       30%         4
 Iskenderun's Mystic Bla  Conj/Tloc      17%        2d5       30%         4
 Summon Ice Beast         Ice/Summ       17%        N/A       30%         4
 Spider Form              Tmut/Pois      6%         N/A       32%         3
 Animate Dead             Necr           3%         N/A       71%         4
 Passage of Golubria      Tloc           6%         N/A       71%         4
 Silence                  Hex/Air        3%         N/A       96%         5
 Haunt                    Necr/Summ      3%         N/A       100%        7
 Infestation              Necr           3%         N/A       100%        8
 Lehudib's Crystal Spear  Conj/Erth      8%         10d4      100%        8


Dungeon Overview and Level Annotations

Branches:
Dungeon (5/15)             Temple (1/1) D:5           Sewer (visited)

Altars:
Ashenzari
Dithmenos
Elyvilon
Fedhas
Gozag
Hepliaklqana
Kikubaaqudgha
Nemelex Xobeh
Okawaru
Qazlal
Ru
Sif Muna
Trog
Uskayaw
Vehumet
Wu Jian
Xom
Yredelemnul
Zin
The Shining One

Annotations:
D:5 exclusion: two-headed ogre


Innate Abilities, Weirdness & Mutations

You cannot be hasted, slowed, berserked, paralysed or teleported.
You can dig through walls and to a lower floor.
You have a pair of large antennae on your head. (SInv)
Your four strong arms can wield two-handed weapons with a shield.


Message History

There is an open door, spattered with blood here.
Things that are here:
a +0 short sword; a +0 short sword; a +0 dagger; a kobold corpse
Things that are here:
a +0 short sword; a kobold corpse
There is an open door here.
Key pressed, stopping explore.
Done exploring.
Done exploring.
What are your orders? t - Shout!
Orders for allies: a - Attack new target. r - Retreat! s - Stop attacking. g - Guard the area. f - Follow me.
Anything else - Cancel.
You shout for attention!
Magic restored.
What are your orders? t - Shout!
Orders for allies: a - Attack new target. r - Retreat! s - Stop attacking. g - Guard the area. f - Follow me.
Anything else - Cancel.
You shout for attention!
What are your orders? t - Shout!
Orders for allies: a - Attack new target. r - Retreat! s - Stop attacking. g - Guard the area. f - Follow me.
Anything else - Cancel.
You shout for attention!
There is a stone staircase leading down here.
You climb downwards.
Level annotation: exclusion: two-headed ogre The two-headed ogre hits you with a +0 giant spiked club!!
The two-headed ogre hits you with a +0 giant club!
The two-headed ogre hits you with a +0 giant spiked club!!
Ouch! That really hurt!
You die...
Kikubaaqudgha rasps: "You have failed me!
Welcome... death!"

### #..# ### #.# ##..# ####.##
#.# ##### ######...# ..###.## #.#
##.#.# #.##.....# ### #..####.#
#.##.# ##.###...## #
#....#..###.##.#####.# #....# ###
#...........##..##...# ##...#
..###.#....##.#.......##.# #....
....#.##...##.##@O.#####.####....
....##.#...#.####.## #.).......
...###.##.##.# #.## ##.##......
..## ##.#.#.#####..## #..###.....
#.# #.###.#.......###..........
#O######.#.#####.....#.<...##....
#..##..#...# #.........########
..#....##'## #.........#####...
.####..#...# ##.#.........).....


You could see a two-headed ogre.

Vanquished Creatures
  Grinder (D:4)
  A water moccasin (D:5)
  4 ogres
  A phantom (D:5)
  3 kobold brigands
  A bullfrog (D:5)
  A gnoll sergeant (D:5)
  2 scorpions
  A water moccasin skeleton (D:5)
  A centaur zombie (D:5)
  3 orc priests
  A bullfrog skeleton (D:5)
  An orc wizard (D:4)
  4 gnolls (D:5)
  2 howler monkey skeletons
  10 adders
  3 river rats (Sewer)
  A white imp (D:5)
  An ufetubus (D:5)
  A worm (D:2)
  12 orcs
  6 bats
  9 endoplasms
  A giant cockroach (D:4)
  8 goblins
  6 hobgoblins
  2 jackals (Sewer)
  5 quokkas
  14 ball pythons
  4 frilled lizards
  37 kobolds
  6 rats
153 creatures vanquished.

Vanquished Creatures (others)
  83 plants
83 creatures vanquished.

Grand Total: 236 creatures vanquished

Notes
Turn   | Place    | Note
-------+----------+-------------------------------------------
     0 | D:1      | DildoBatman the Formicid Conjurer began the quest for the
                  | Orb.
     0 | D:1      | Reached XP level 1. HP: 13/13 MP: 3/3
   162 | D:1      | Reached XP level 2. HP: 9/19 MP: 1/5
   208 | D:1      | Learned a level 2 spell: Searing Ray
   299 | D:1      | Found a faded altar of an unknown god.
   714 | D:1      | Reached XP level 3. HP: 24/24 MP: 3/6
  1110 | D:2      | Reached XP level 4. HP: 30/30 MP: 3/7
  1410 | D:2      | Reached skill level 5 in Conjurations
  1679 | D:3      | Found a glowing drain.
  1775 | D:3      | Learned a level 1 spell: Sandblast
  1929 | D:3      | Noticed a kobold brigand
  1951 | D:3      | Killed a kobold brigand
  1952 | D:3      | Reached XP level 5. HP: 33/35 MP: 0/8
  2021 | Sewer    | Entered a sewer
  2182 | Sewer    | Reached XP level 6. HP: 42/42 MP: 5/9
  2284 | Sewer    | Reached skill level 1 in Fighting
  2284 | Sewer    | Reached skill level 1 in Armour
  3139 | D:3      | Reached skill level 3 in Spellcasting
  3369 | D:4      | Reached XP level 7. HP: 39/50 MP: 3/12
  3430 | D:4      | Noticed Grinder
  3452 | D:4      | Reached skill level 4 in Spellcasting
  3574 | D:4      | Learned a level 3 spell: Frozen Ramparts
  3578 | D:4      | Learned a level 3 spell: Stone Arrow
  3916 | D:5      | Entered Level 5 of the Dungeon
  3925 | D:5      | Reached skill level 1 in Ice Magic
  4326 | D:5      | Reached skill level 5 in Spellcasting
  4983 | D:5      | Reached XP level 8. HP: 43/50 MP: 7/16
  5002 | D:5      | Noticed a two-headed ogre
  5257 | D:5      | Reached skill level 6 in Spellcasting
  5873 | D:5      | Found a staircase to the Ecumenical Temple.
  5882 | Temple   | Entered the Ecumenical Temple
  6021 | Temple   | Became a worshipper of Kikubaaqudgha
  6053 | D:5      | Reached skill level 7 in Spellcasting
  6053 | D:5      | Reached skill level 5 in Ice Magic
  6053 | D:5      | Reached XP level 9. HP: 46/61 MP: 11/19
  6593 | D:4      | Killed Grinder
  6813 | D:5      | Mangled by a two-headed ogre

Illustrated notes

Levels and vault maps discovered:
D:1:      dpeg_arrival_pond, layout_basic, basic_ecumenical_altar,
          chequers_serial_rivers_micro_d
D:2:      kb_forest_paths, layout_basic
D:3:      cheibrodos_thug_alley, layout_basic, cheibrodos_sewer_entry_sluice
D:4:      layout_cave_pools, minmay_goblin_kobold_house, uniq_grinder
D:5:      kennysheep_kobold_camp, layout_layer_cave, minmay_temple_entry_mist,
          grunt_decor_clamped, minmay_fractal_squares_5
Temple:   regret_index_temple_chain_breaker

Skill      XL: |  1  2  3  4  5  6  7  8  9 |
---------------+----------------------------+-----
Conjurations   | 4 6 |  6.0
Fighting       | 2 3 |  3.0
Armour         | 2 3 |  3.0
Spellcasting   | 3 5 7 |  7.0
Ice Magic      | 2 5 6 |  6.0
Dodging        | |  1.7
Stealth        | |  2.4

Action                   |  1- 3 |  4- 6 |  7- 9 || total
-------------------------+-------+-------+-------++-------
Melee: Unarmed           |     5 |       |       ||     5
       Dagger            |       |    23 |    49 ||    72
       Punch             |       |       |     2 ||     2
 Fire: Hunting sling     |     5 |    61 |    40 ||   106
 Cast: Magic Dart        |    35 |    14 |    15 ||    64
       Searing Ray       |     5 |    22 |    48 ||    75
 Abil: Dig               |     1 |     2 |     6 ||     9
Armor: Robe              |     1 |    11 |    20 ||    32
Dodge: Dodged            |     6 |    32 |    45 ||    83
